 Dungeon Sprint DCSS version 0.16-a0-3926-g4728e1c (webtiles) character file.

8364 BluebellGnoll the Warrior (level 11, -2/118 HPs)
             Began as a Minotaur Gladiator on Feb 5, 2015.
             Was a High Priest of Okawaru.
             Killed by divine providence
             ... invoked by an orc priest
              (14 damage)
             ... in the Dungeon (Sprint IX: "|||||||||||||||||||||||||||||").
             The game lasted 00:08:15 (1313 turns).

BluebellGnoll the Warrior (Minotaur Gladiator)      Turns: 1313, Time: 00:08:15

Health: -2/118     AC: 21    Str: 27    XL:     11   Next: 8%
Magic:  21/21      EV: 13    Int:  5    God:    Okawaru [*****.]
Gold:   650        SH:  0    Dex: 17    Spells: 0 memorised, 10 levels left

rFire  . . .     SeeInvis .     q - +2 scimitar (holy)
rCold  . . .     Clarity  .     r - +0 plate armour
rNeg   . . .     SustAb   .     (no shield)
rPois  .         Gourm    .     c - +0 hat
rElec  .         Spirit   .     y - +0 cloak
rCorr  .         Warding  .     a - +0 pair of gloves
rMut   .         NoTele   +     (no boots)
MR     .....                    (no amulet)
Stlth  ..........               t - +3 ring of dexterity
                                s - +3 ring of strength

@: heroism, not resistant to hostile enchantments, extremely unstealthy
A: retaliatory headbutt, horns 2, agile 1, strong 1
a: Heroism, Finesse, Renounce Religion


You were in the Dungeon.
You worshipped Okawaru.
Okawaru was extremely pleased with you.
You were not hungry.

You visited 1 branch You collected 650 gold pieces.

Inventory:

Hand weapons
 q - a +2 scimitar of holy wrath (weapon)
Armour
 a - a +0 pair of gloves (worn)
 c - a +0 hat (worn)
 r - a +0 plate armour (worn)
 y - a +0 cloak (worn)
Jewellery
 s - a +3 ring of strength (left hand)
 t - a +3 ring of dexterity (right hand)
Magical devices
 p - a wand of cold (5)
Scrolls
 b - a scroll of fog
 k - 4 scrolls of blinking
 n - 3 scrolls of remove curse
 o - 2 scrolls of amnesia
 v - 4 scrolls of fear
 w - 3 scrolls of enchant weapon
 x - a scroll of identify
Potions
 e - 7 potions of curing
 h - 2 potions of haste
 i - 4 potions of magic
 j - 2 potions of berserk rage
 l - a potion of invisibility
 m - 4 potions of heal wounds
Comestibles
 f - 13 bread rations
 g - 4 chunks of flesh
 u - a beef jerky
 z - 40 fruits
 A - 12 meat rations


   Skills:
 - Level 17.8(22.8) Fighting
 + Level 15.8(20.8) Long Blades
 - Level 2.0(7.0) Throwing
 - Level 12.7(17.7) Armour
 - Level 3.2(8.2) Dodging
 - Level 8.2 Invocations
 - Level 11.1 Evocations


You had 10 spell levels left.
You didn't know any spells.

Dungeon Overview and Level Annotations

Branches:
Dungeon (1/1)

Altars:
Cheibriados
Dithmenos
Elyvilon
Fedhas
Gozag
Kikubaaqudgha
Makhleb
Nemelex Xobeh
Okawaru
Qazlal
Ru
Sif Muna
Trog
Vehumet
Xom
Yredelemnul
Zin
The Shining One
Beogh
Jiyva
Lugonu


Innate Abilities, Weirdness & Mutations

You reflexively headbutt those who attack you in melee.
You have a pair of horns on your head.
You are agile. (Dex +2)
Your muscles are strong. (Str +2)


Message History

Okawaru accepts your kill.
The orc warrior hits you from afar with a glaive!!
* * * LOW HITPOINT WARNING * * *
An orc warrior comes into view. It is wielding a long sword.
Items here: $ ))))) [[[[[ †† You barely miss the orc warrior.
The orc warrior shouts!
You headbutt the orc warrior.
The orc warrior is lightly wounded.
The orc warrior hits you but does no damage.
You hit the orc warrior but do no damage.
The orc warrior is lightly wounded.
You open the orc warrior like a pillowcase!!!
You kill the orc warrior!
Okawaru accepts your kill.
Your plate armour prevents you from hitting the orc.
Your headbutt misses the orc.
The orc priest calls down the wrath of Beogh upon you.
Something smites you!
You die...

▓.▓.▓.▓.▓_▓
▓.▓.▓.▓.▓_▓
▓o▓.▓.▓.▓_▓
▓.▓.▓.▓.▓_▓
▓o▓.▓.▓.▓_▓
▓$▓.▓.▓.▓_▓
▓o▓.▓.▓.▓_▓
▓o▓.▓÷▓.▓_▓
▓@▓.▓÷▓.▓_▓
▓$▓.▓.▓.▓_▓
▓)▓.▓.▓.▓_▓
▓[▓.▓.▓.▓_▓
▓.▓)▓.▓.▓_▓
▓.▓.▓.▓.▓_▓
▓.▓.▓.▓.▓_▓
▓.▓.▓.▓.▓_▓
▓)▓.▓.▓.▓_▓


You could see 2 orc warriors, an orc priest and an orc (frenzied).

Vanquished Creatures
  An orc high priest (D)
  A catoblepas (D)
  Erolcha (D)
  3 orc knights (D)
  3 spiny frogs (D)
  A black mamba (D)
  A komodo dragon (D)
  4 polar bears (D)
  3 yaks (D)
  A wyvern (D)
  A wolf (D)
  A hippogriff (D)
  3 porcupines (D)
  A water moccasin (D)
  7 orc warriors (D)
  A mottled dragon (D)
  4 black bears (D)
  A sky beast (D)
  A brain worm (D)
  A gnoll sergeant (D)
  2 giant frogs (D)
  A hound (D)
  A crimson imp (D)
  3 orc priests (D)
  3 orc wizards (D)
  An adder (D)
  4 orcs (D)
  A bat zombie (D)
  A giant cockroach (D)
  A goblin (D)
  2 hobgoblins (D)
  2 quokkas (D)
  A bat (D)
  A giant gecko zombie (D)
  A jackal skeleton (D)
  4 kobolds (D)
69 creatures vanquished.

Vanquished Creatures (others)
  A wolf (D)
1 creature vanquished.

Grand Total: 70 creatures vanquished

Notes
Turn   | Place    | Note
--------------------------------------------------------------
     0 | D        | BluebellGnoll, the Minotaur Gladiator, began the quest for the Orb.
     0 | D        | Reached XP level 1. HP: 18/18 MP: 1/1
     6 | D        | Reached skill level 4 in Long Blades
     7 | D        | Reached skill level 5 in Long Blades
    17 | D        | Noticed a sky beast
    28 | D        | Reached XP level 2. HP: 21/26 MP: 1/1
    33 | D        | Killed a sky beast
    33 | D        | Reached skill level 10 in Fighting
    33 | D        | Reached XP level 3. HP: 26/45 MP: 2/2
    33 | D        | Reached XP level 4. HP: 29/51 MP: 2/2
    43 | D        | Gained mutation: You are agile. (Dex +2) [mutagenic meat]
    44 | D        | Gained mutation: Your muscles are strong. (Str +2) [mutagenic meat]
    49 | D        | Found a glowing silver altar of Zin.
    49 | D        | Found a glowing golden altar of the Shining One.
    49 | D        | Found an ancient bone altar of Kikubaaqudgha.
    49 | D        | Found a basalt altar of Yredelemnul.
    49 | D        | Found a shimmering altar of Xom.
    49 | D        | Found a radiant altar of Vehumet.
    49 | D        | Found an iron altar of Okawaru.
    50 | D        | Found a burning altar of Makhleb.
    51 | D        | Found a deep blue altar of Sif Muna.
    52 | D        | Found a bloodstained altar of Trog.
    53 | D        | Found a sparkling altar of Nemelex Xobeh.
    54 | D        | Found a white marble altar of Elyvilon.
    55 | D        | Found a roughly hewn altar of Beogh.
    56 | D        | Found a viscous altar of Jiyva.
    57 | D        | Found a corrupted altar of Lugonu.
    58 | D        | Became a worshipper of Warmaster Okawaru
    59 | D        | Found a blossoming altar of Fedhas.
    60 | D        | Found a snail-covered altar of Cheibriados.
    61 | D        | Found a shadowy altar of Dithmenos.
    62 | D        | Found a stormy altar of Qazlal.
    63 | D        | Found an opulent altar of Gozag.
    64 | D        | Found a sacrificial altar of Ru.
   166 | D        | Noticed a yak
   166 | D        | Noticed a hound
   166 | D        | Noticed a giant frog
   166 | D        | Noticed a gnoll sergeant
   168 | D        | Killed a giant frog
   168 | D        | Reached XP level 5. HP: 58/58 MP: 2/2
   174 | D        | Killed a gnoll sergeant
   176 | D        | Killed a hound
   180 | D        | Killed a yak
   180 | D        | Acquired Okawaru's first power
   180 | D        | Reached skill level 12 in Armour
   180 | D        | Reached XP level 6. HP: 58/66 MP: 3/3
   192 | D        | Noticed a yak
   192 | D        | Noticed a wyvern
   192 | D        | Noticed a brain worm
   192 | D        | Noticed a mottled dragon
   192 | D        | Noticed a crimson imp
   196 | D        | Killed a mottled dragon
   197 | D        | Killed a brain worm
   197 | D        | Reached XP level 7. HP: 66/73 MP: 1/3
   200 | D        | Killed a wyvern
   204 | D        | Killed a yak
   204 | D        | Reached skill level 10 in Long Blades
   207 | D        | Killed a crimson imp
   323 | D        | Noticed a spiny frog
   323 | D        | Noticed a spiny frog
   323 | D        | Noticed a water moccasin
   323 | D        | Noticed a porcupine
   323 | D        | Noticed a wolf
   326 | D        | Killed a wolf
   326 | D        | Reached XP level 8. HP: 83/85 MP: 1/3
   328 | D        | Killed a porcupine
   328 | D        | Reached skill level 13 in Fighting
   330 | D        | Killed a water moccasin
   333 | D        | Noticed a komodo dragon
   336 | D        | Killed a spiny frog
   336 | D        | Reached skill level 15 in Fighting
   341 | D        | Killed a spiny frog
   341 | D        | Reached skill level 16 in Fighting
   353 | D        | Killed a komodo dragon
   353 | D        | Reached skill level 17 in Fighting
   353 | D        | Reached XP level 9. HP: 65/102 MP: 2/4
   489 | D        | Noticed a yak
   489 | D        | Noticed a giant frog
   489 | D        | Noticed a porcupine
   489 | D        | Noticed a catoblepas
   489 | D        | Noticed a spiny frog
   489 | D        | Noticed a wolf
   489 | D        | Noticed a black mamba
   495 | D        | Killed a black mamba
   501 | D        | Noticed a porcupine
   501 | D        | Killed a wolf
   501 | D        | Reached skill level 5 in Evocations
   553 | D        | Killed a spiny frog
   570 | D        | Killed a catoblepas
   580 | D        | Killed a porcupine
   580 | D        | Reached skill level 10 in Evocations
   587 | D        | Killed a giant frog
   605 | D        | Killed a yak
   609 | D        | Killed a porcupine
   616 | D        | Noticed a hippogriff
   825 | D        | Killed a hippogriff
   825 | D        | Acquired Okawaru's second power
   846 | D        | Noticed a black bear
   846 | D        | Noticed a black bear
   846 | D        | Noticed a polar bear
   846 | D        | Noticed a polar bear
   846 | D        | Noticed a black bear
   846 | D        | Noticed a polar bear
   846 | D        | Noticed a polar bear
   850 | D        | Killed a polar bear
   850 | D        | Reached XP level 10. HP: 106/111 MP: 12/20
   851 | D        | Noticed a black bear
   855 | D        | Killed a polar bear
   860 | D        | Killed a polar bear
   867 | D        | Killed a polar bear
   875 | D        | Killed a black bear
   880 | D        | Killed a black bear
   886 | D        | Killed a black bear
   888 | D        | Killed a black bear
   965 | D        | Noticed Erolcha
   984 | D        | Killed Erolcha
  1031 | D        | Noticed an orc wizard
  1031 | D        | Noticed an orc warrior
  1031 | D        | Noticed an orc priest
  1031 | D        | Noticed an orc knight
  1031 | D        | Noticed an orc high priest
  1032 | D        | Noticed an orc priest
  1037 | D        | Killed an orc high priest
  1045 | D        | Killed an orc knight
  1046 | D        | Noticed an orc priest
  1048 | D        | Noticed an orc wizard
  1048 | D        | Killed an orc priest
  1052 | D        | Killed an orc warrior
  1055 | D        | Killed an orc wizard
  1058 | D        | Noticed an orc wizard
  1059 | D        | Killed an orc priest
  1063 | D        | Killed an orc priest
  1064 | D        | Killed an orc wizard
  1069 | D        | Killed an orc wizard
  1273 | D        | Noticed an orc warrior
  1273 | D        | Noticed an orc warrior
  1273 | D        | Noticed an orc knight
  1273 | D        | Noticed an orc knight
  1273 | D        | Noticed an orc warrior
  1273 | D        | Noticed an orc warrior
  1275 | D        | Killed an orc warrior
  1277 | D        | Noticed an orc warrior
  1284 | D        | Killed an orc knight
  1284 | D        | Received a gift from Okawaru
  1285 | D        | Noticed an orc priest
  1286 | D        | Noticed an orc warrior
  1288 | D        | Killed an orc warrior
  1294 | D        | Killed an orc knight
  1294 | D        | Reached skill level 15 in Long Blades
  1294 | D        | Reached XP level 11. HP: 51/118 MP: 21/21
  1296 | D        | Noticed an orc warrior
  1298 | D        | Killed an orc warrior
  1301 | D        | Killed an orc warrior
  1308 | D        | Killed an orc warrior
  1310 | D        | Noticed an orc warrior
  1312 | D        | Killed an orc warrior
  1313 | D        | Killed from afar by an orc priest

Action                   |  1- 3 |  4- 6 |  7- 9 | 10-12 || total
-------------------------+-------+-------+-------+-------++-------
Melee: Long sword        |    21 |       |       |       ||    21
       Scimitar          |       |    14 |    82 |   106 ||   202
Throw: Throwing net      |       |       |     1 |     3 ||     4
Invok: Heroism           |       |     1 |     3 |     2 ||     6
       Finesse           |       |       |     1 |     1 ||     2
Evoke: Wand              |       |     2 |       |       ||     2
  Use: Potion            |     1 |       |       |       ||     1
 Stab: Held in net/web   |       |       |     2 |       ||     2
       Petrified         |       |       |     4 |       ||     4
       Fleeing           |       |       |       |     1 ||     1
  Eat: Chunk             |       |     2 |       |     2 ||     4
